 Dungeon Crawl Stone Soup version 0.31.0-9-g3a7656b989 (webtiles) character file.

Game seed: 5522089549453909668

1239 Xavori the Slasher (level 8, 0/49 (58) HPs)
             Began as a Djinni Chaos Knight on Jan 24, 2024.
             Was a Plaything of Xom.
             Slain by a naga (10 damage)
             ... on level 9 of the Dungeon.
             The game lasted 00:05:59 (11321 turns).

Xavori the Slasher (Djinni Chaos Knight)           Turns: 11321, Time: 00:06:01

HP:   0/49 (58)     AC: 10    Str: 18 (19) XL:     8   Next: 78%
Gold: 267           EV: 10    Int: 10 (11) God:    Xom [*.....] SH:  0 Dex: 14

rFire   + + .        a - +0 falchion (chaos)
rCold   . . .        (no shield)
rNeg    . . .        b - +2 leather armour
rPois   ∞            (helmet restricted)
rElec   .            m - +0 cloak
rCorr   .            i - +1 pair of gloves {hurl}
SInv    +            (boots unavailable)
Will    .....        e - amulet of the acrobat
Stlth   ++           w - ring of see invisible
HPRegen 0.28/turn    x - ring of the Lobster {rC+ SInv}
MPRegen 0.00/turn

%: random rage (3%), acrobat, infuse magic (-1 HP)
@: flying, constricted, heavily drained
A: sickness immunity, fire resistance 2, cold vulnerability 1, float, innate
caster, HP casting, extra vitality 1, horns 1, iridescent scales 1, camouflage
1, berserk 1, deterioration 1, sense surroundings 1, strong 2, wild magic 1
a: Renounce Religion


You were on level 9 of the Dungeon.
You worshipped Xom.
You were a special plaything of Xom.
You visited 1 branch of the dungeon, and saw 7 of its levels.
You also visited: Ossuary.

You collected 615 gold pieces.
You spent 348 gold pieces at shops.

Inventory:

Hand Weapons
 a - a +0 falchion of chaos (weapon)
Armour
 b - a +2 leather armour (worn)
 i - a +1 pair of gloves of hurling (worn)
 m - a +0 cloak (worn)
Jewellery
 e - an amulet of the acrobat (around neck)
 w - a ring of see invisible (left hand)
 x - the ring of the Lobster (right hand) {rC+ SInv}
   (You bought it in a shop on level 6 of the Dungeon)

   [ring of see invisible]

   rC+:       It protects you from cold.
   SInv:      It lets you see invisible.
Wands
 q - a wand of roots (3)
 v - a wand of acid (3)
Scrolls
 c - a scroll of butterflies
 d - a scroll of enchant armour
 g - 7 scrolls of teleportation
 h - a scroll of blinking
 j - a scroll of revelation
 l - 3 scrolls of immolation
 n - a scroll of vulnerability
 o - 3 scrolls of fog
 t - a scroll of torment {unknown}
 u - 2 scrolls of poison
Potions
 f - 2 potions of haste
 k - 3 potions of curing
 p - 2 potions of heal wounds {unknown}
 r - a potion of lignification
 s - a potion of ambrosia {unknown}
 z - a potion of brilliance {unknown}
 A - a potion of degeneration {unknown}


   Skills:
 + Level 4.7 Fighting
 + Level 5.9 Long Blades
 + Level 4.1 Armour
 + Level 4.3 Dodging
 * Level 2.3 Spellcasting
 * Level 2.3 Conjurations
 * Level 2.3 Hexes
 * Level 2.3 Summonings
 * Level 2.3 Necromancy
 * Level 2.3 Translocations
 * Level 2.3 Fire Magic
 * Level 2.3 Ice Magic
 * Level 2.3 Air Magic
 * Level 2.3 Earth Magic
 * Level 2.3 Alchemy
 * Level 3.0 Evocations


You knew the following spells:

 Your Spells              Type           Power      Damage    Failure   Level
a - Freeze                Ice            28%        1d5       21%         1
b - Searing Ray           Conj           14%        2d5       28%         2
c - Hailstorm             Conj/Ice       7%         3d5       47%         3
Your spell library was empty.

Dungeon Overview and Level Annotations

Branches:
Dungeon (6/15)            Ossuary (visited)
 Temple: D:4-7

Altars:
Dithmenos
Elyvilon
Fedhas
Hepliaklqana
Trog
Xom
Zin

Shops:
D:6 =


Innate Abilities, Weirdness & Mutations

You are immune to sickness and miasma.
You are immune to poison.
Your flesh is very heat resistant. (rF++)
You are vulnerable to cold. (rC-)
You float through the air rather than walking.
You learn spells naturally, not from books.
Your magical power is your life essence.
You have superior vitality. (+4 MHP)
You have a pair of small horns on your head.
You are partially covered in iridescent scales. (AC +2)
Your skin changes colour to match your surroundings (Stealth+).
You sometimes lose your temper in combat.
Your body sometimes deteriorates upon taking damage.
You passively map a small area around you.
Your muscles are very strong. (Str +8, Int/Dex -2)
Your spells are a little harder to cast, but a little more powerful.


Message History

Found an escape hatch in the floor.
You hear Xom's avuncular chuckle.
The yak evaporates and reforms as a naga!
The naga spits poison at you. The splash of poison misses you.
You start waiting.
A naga is nearby!
You hit the naga but do no damage. The naga hits you but does no damage.
The naga grabs you. The naga constricts you.
You closely miss the naga.
You headbutt the naga, but do no damage.
The naga spits poison at you.
The splash of poison hits you but does no damage.
You resist. The naga constricts you.
You hit the naga.
The naga is lightly wounded.
The naga hits you!
Your body deteriorates!
You feel weakened. The naga constricts you.
You closely miss the naga.
The naga is lightly wounded.
The naga hits you but does no damage. The naga constricts you.
You closely miss the naga.
The naga is lightly wounded.
The naga closely misses you. The naga constricts you.
You closely miss the naga. Your headbutt misses the naga.
The naga is lightly wounded.
The naga hits you!
* * * LOW HITPOINT WARNING * * *
Your body deteriorates!
You feel dopey. The naga constricts you.
* * * LOW HITPOINT WARNING * * *
Okay, then.
Aiming: Corrosive Bolt
Press: ? - help, Shift-Dir - straight line, f - naga
Aim: a naga (lightly wounded, constricting you, 74% to hit)
The bolt of acid hits the naga!!
The naga is almost dead.
The naga hits you!
You die...

, >............
* .........#..#
# , *
.........#..#.#
,
...N.#...#..#.##
, ,
.............. ,
#.##........#..,
, , ,
#..............
*
*#######N....##
, * #..@......#
####.#######.# ,
#.........#* # *
* #.##(####....
* #.##.# # * * *
#.##.# , #.##.#
* #.##.#
#.##.#######*


You could see a naga.

Vanquished Creatures
  Sigmund (D:3)
  A black bear (D:4)
  An ogre (D:6)
  A sky beast (D:6)
  A centaur (D:5)
  A phantom (D:3)
  A bombardier beetle (D:4)
  A hound (D:6)
  A human zombie (D:4)
  A sleepcap (D:5)
  3 orc priests
  A gnoll bouda (D:5)
  2 iguanas
  8 mummies (Ossuary)
  7 gnolls
  7 adders
  A shadow imp (D:6)
  A white imp (D:3)
  A ribbon worm zombie (D:4)
  6 dart slugs
  11 orcs
  3 bats
  4 endoplasms
  4 giant cockroaches
  A gnoll zombie (Ossuary)
  3 hobgoblins
  6 jackals
  7 quokkas
  10 ball pythons
  3 frilled lizards (D:3)
  5 goblins
  3 hobgoblin zombies (Ossuary)
  12 kobolds
  A kobold zombie (Ossuary)
  3 orc zombies (Ossuary)
  5 rats
128 creatures vanquished.

Vanquished Creatures (others)
  An orc zombie (D:4)
1 creature vanquished.

Grand Total: 129 creatures vanquished

Notes
Turn   | Place    | Note
-------+----------+-------------------------------------------
     0 | D:1      | Xavori the Djinni Chaos Knight began the quest for the Orb.
     0 | D:1      | Reached XP level 1. HP: 20/20 MP: 0/0
    85 | D:1      | Reached XP level 2. HP: 23/25 MP: 0/0
   126 | D:1      | XOM: silly message
   169 | D:1      | XOM: scenery: create altars
   402 | D:1      | Reached skill level 3 in Long Blades
   545 | D:1      | Reached XP level 3. HP: 26/30 MP: 0/0
   545 | D:1      | Learned a level 1 spell: Freeze
  1000 | D:1      | XOM: torment (16/30 hp)
  2684 | D:1      | XOM: give mutations
  2684 | D:1      | Gained mutation: You passively map a small area around you.
                  | [Xom's mischief]
  2684 | D:1      | Gained mutation: Your muscles are strong. (Str +4, Int/Dex
                  | -1) [Xom's mischief]
  2684 | D:1      | Gained mutation: You occasionally shout uncontrollably at
                  | your foes. [Xom's mischief]
  2684 | D:1      | Gained mutation: Your muscles are very strong. (Str +8,
                  | Int/Dex -2) [Xom's mischief]
  3632 | D:1      | XOM: silly message
  3946 | D:1      | XOM is BORED!
  4305 | D:1      | XOM: give mutation
  4305 | D:1      | Gained mutation: You are clumsy. (Dex -2) [Xom's mischief]
  4450 | D:1      | XOM: summons 3 hostile shadow creatures
  4547 | D:2      | XOM: give mutations
  4547 | D:2      | Gained mutation: You are strong-willed. (Will+) [Xom's
                  | grace]
  4547 | D:2      | Gained mutation: You have a pair of small horns on your
                  | head. [Xom's grace]
  4547 | D:2      | Gained mutation: Your skin changes colour to match your
                  | surroundings (Stealth+). [Xom's grace]
  4547 | D:2      | Gained mutation: You have sharp fingernails. [Xom's grace]
  5326 | D:1      | XOM: divination: detect creatures
  5840 | D:1      | XOM: give mutation
  5840 | D:1      | Gained mutation: Your spells are a little harder to cast,
                  | but a little more powerful. [Xom's grace]
  6074 | D:1      | XOM: noise
  6130 | D:1      | XOM: god gift: +1 pair of gloves of hurling
  6175 | D:1      | XOM: cloud trail
  6530 | D:2      | XOM: stat loss: -1 Str (18/19)
  6640 | D:2      | Found a white marble altar of Elyvilon.
  6653 | D:2      | XOM: repel stairs
  6923 | D:2      | Reached XP level 4. HP: 35/35 MP: 0/0
  7115 | D:3      | XOM: give mutations
  7115 | D:3      | Lost mutation: You are clumsy. (Dex -2) [Xom's mischief]
  7115 | D:3      | Lost mutation: You occasionally shout uncontrollably at
                  | your foes. [Xom's mischief]
  7115 | D:3      | Gained mutation: Your body sometimes deteriorates upon
                  | taking damage. [Xom's mischief]
  7118 | D:3      | Found a faded altar of an unknown god.
  7423 | D:3      | Reached XP level 5. HP: 37/40 MP: 0/0
  7423 | D:3      | Learned a level 2 spell: Searing Ray
  7479 | D:3      | XOM: give mutations
  7479 | D:3      | Lost mutation: You have sharp fingernails. [Xom's mischief]
  7479 | D:3      | Lost mutation: You are strong-willed. (Will+) [Xom's
                  | mischief]
  7539 | D:3      | XOM: 3-stop teleportation journey
  7654 | D:3      | XOM: give mutation
  7654 | D:3      | Gained mutation: You are partially covered in iridescent
                  | scales. (AC +2) [Xom's grace]
  7657 | D:3      | Noticed Sigmund
  7672 | D:3      | Killed Sigmund
  7673 | D:3      | Reached skill level 1 in Spellcasting
  7673 | D:3      | Reached skill level 1 in Conjurations
  7673 | D:3      | Reached skill level 1 in Hexes
  7673 | D:3      | Reached skill level 1 in Summonings
  7673 | D:3      | Reached skill level 1 in Necromancy
  7673 | D:3      | Reached skill level 1 in Translocations
  7673 | D:3      | Reached skill level 1 in Fire Magic
  7673 | D:3      | Reached skill level 1 in Ice Magic
  7673 | D:3      | Reached skill level 1 in Air Magic
  7673 | D:3      | Reached skill level 1 in Earth Magic
  7673 | D:3      | Reached skill level 1 in Alchemy
  7673 | D:3      | Reached XP level 6. HP: 23/47 MP: 0/0
  7792 | D:3      | XOM: 1-stop teleportation journey
  8040 | D:3      | XOM: scenery: create altars
  8096 | D:3      | XOM: god gift: wand of roots (3)
  8329 | D:4      | XOM: cast spell 'Dispersal'
  8342 | D:3      | Reached skill level 4 in Long Blades
  8347 | D:3      | Reached XP level 7. HP: 36/51 MP: 0/0
  8347 | D:3      | Learned a level 3 spell: Hailstorm
  8461 | D:4      | Reached skill level 1 in Evocations
  8481 | D:4      | XOM: 6-stop teleportation journey
  8632 | D:4      | Found a sand-covered staircase.
  8634 | D:4      | XOM: noise
  8653 | Ossuary  | Entered an ossuary
  9362 | D:4      | XOM: scenery: summon butterflies
  9410 | D:4      | XOM: 2-stop teleportation journey
  9441 | D:4      | Found a faded altar of an unknown god.
  9441 | D:4      | Found a blossoming altar of Fedhas.
  9454 | D:4      | Reached XP level 8. HP: 32/58 MP: 0/0
  9456 | D:4      | Reached skill level 5 in Long Blades
  9476 | D:4      | XOM: god gift: wand of acid (4)
  9562 | D:4      | Found a bloodstained altar of Trog.
  9564 | D:4      | Found a glowing silver altar of Zin.
  9566 | D:4      | Found a faded altar of an unknown god.
  9883 | D:5      | Entered Level 5 of the Dungeon
 10060 | D:5      | XOM: noise
 10201 | D:5      | Found a hazy altar of Hepliaklqana.
 10258 | D:5      | XOM: silly message
 10529 | D:5      | XOM: 1-stop teleportation journey
 10762 | D:6      | XOM: stealth player
 10841 | D:5      | XOM: give mutations
 10841 | D:5      | Gained mutation: You have very sharp teeth. [Xom's
                  | mischief]
 10841 | D:5      | Lost mutation: You have very sharp teeth. [Xom's mischief]
 10841 | D:5      | Gained mutation: You sometimes lose your temper in combat.
                  | [Xom's mischief]
 10960 | D:6      | Found Fowirch's Jewellery Emporium.
 10968 | D:6      | Bought the ring of the Lobster {rC+ SInv} for 348 gold
                  | pieces
 11155 | D:6      | Found a shadowy altar of Dithmenos.
 11273 | D:6      | XOM: draining
 11284 | D:6      | You are sucked into a shaft and drop 3 floors!
 11303 | D:9      | Noticed a yak
 11305 | D:9      | a yak changed into a naga
 11305 | D:9      | XOM: polymorph yak -> naga
 11321 | D:9      | Slain by a naga

Illustrated notes

Levels and vault maps discovered:
D:1:      tarquinn_simple_flora_water_c, layout_loops_cross
D:2:      layout_loops_corners, basic_altar
D:3:      minmay_razor_zed, layout_basic, nicolae_sif_muna_condensation,
          hellmonk_ecumenical_altar_crossroads, minmay_misc_feat_tiny,
          st_stairs_14, uniq_sigmund
D:4:      layout_loops_ring, chequers_temple_overflow_minitemple,
          enter_ossuary_3, minmay_misc_feat_nine_boxes
D:5:      layout_loops_corners, mainiacjoe_overflow_boulevard,
          kennysheep_diamond, nicolae_the_louvre
D:6:      layout_loops_ring, nicolae_dithmenos_through_a_glass_darkly,
          minmay_temple_entry_purple_smoke, serial_shops, shop,
          hangedman_decor_clover_reticule
D:9:      layout_basic, dpeg_lair_monsters, minivault_11, st_stairs_2,
          serial_bayou_pond_c, nicolae_shop_firing_range

Skill      XL: |  1  2  3  4  5  6  7  8 |
---------------+-------------------------+-----
Long Blades    | 3 4 5 |  5.9
Armour         | 2 3 4 |  4.1
Dodging        | 3 4 |  4.3
Spellcasting   | 1 2 |  2.3
Conjurations   | 1 2 |  2.3
Hexes          | 1 2 |  2.3
Summonings     | 1 2 |  2.3
Necromancy     | 1 2 |  2.3
Translocations | 1 2 |  2.3
Fire Magic     | 1 2 |  2.3
Ice Magic      | 1 2 |  2.3
Air Magic      | 1 2 |  2.3
Earth Magic    | 1 2 |  2.3
Alchemy        | 1 2 |  2.3
Evocations     | 1 3 |  3.0
Fighting       | 4 |  4.7

Action                     |  1- 3 |  4- 6 |  7- 9 || total
---------------------------+-------+-------+-------++-------
  Melee: Falchion          |    93 |   108 |   283 ||   484
         Punch             |     1 |       |     2 ||     3
         Headbutt          |     6 |    17 |    54 ||    77
  Evoke: Wand              |       |       |     1 ||     1
    Use: Scroll            |       |     5 |     4 ||     9
         Potion            |       |       |     3 ||     3
   Stab: Sleeping          |     4 |     2 |     4 ||    10
         Paralysed         |       |     1 |     2 ||     3
         Petrifying        |       |     1 |     1 ||     2
         Confused          |       |       |     1 ||     1
 Armour: Leather armour    |    54 |    61 |   143 ||   258
         Skin              |       |       |    48 ||    48
  Dodge: Dodged            |    71 |    69 |   182 ||   322
